 Dungeon Crawl Stone Soup version 0.31-a0-881-ge136f0c47a (webtiles) character file.

Game seed: 2397524897264302099

665 pokeman the Magician (level 7, -4/37 (38) HPs)
             Began as a Deep Elf Hedge Wizard on Oct 16, 2023.
             Slain by a wight
             ... wielding a +3 falchion
              (9 damage)
             ... in a sewer.
             The game lasted 00:09:58 (4778 turns).

pokeman the Magician (Deep Elf Hedge Wizard)        Turns: 4778, Time: 00:09:58

HP:   -4/37 (38)    AC:  4    Str:  7    XL:     7   Next: 31%
MP:   0/20          EV: 13    Int: 21    God:
Gold: 246           SH:  0    Dex: 20    Spells: 8/21 levels left

rFire   . . .        y - +1 whip (elec)
rCold   . . .        (no shield)
rNeg    . . .        x - +1 leather armour {rPois}
rPois   +            c - +0 hat
rElec   .            (no cloak)
rCorr   +            (no gloves)
SInv    .            (no boots)
Will    .....        (no amulet)
Stlth   ++           f - ring of resist corrosion
HPRegen 0.26/turn    k - +6 ring of dexterity
MPRegen 0.17/turn

%: no passive effects
@: studying Armour, lightly drained, very slow
A: no striking features
a: no special abilities


You were in a sewer.
You visited 1 branch of the dungeon, and saw 5 of its levels.
You also visited: Sewer.

You collected 246 gold pieces.

Inventory:

Hand Weapons
 y - a +1 whip of electrocution (weapon)
Armour
 c - a +0 hat (worn)
 x - a +1 leather armour of poison resistance (worn)
Jewellery
 f - a ring of resist corrosion (left hand)
 k - a +6 ring of dexterity (right hand)
Scrolls
 b - 2 scrolls of blinking {unknown}
 e - a scroll of immolation {unknown}
 i - 2 scrolls of revelation {unknown}
 j - a scroll of vulnerability {unknown}
 n - a scroll of fear {unknown}
 o - a scroll of enchant armour {unknown}
 p - a scroll of teleportation {unknown}
 q - 5 scrolls of identify {unknown}
 r - a scroll of enchant weapon {unknown}
 u - a scroll of noise {unknown}
Potions
 a - 3 potions of enlightenment {unknown}
 d - a potion of magic
 g - 4 potions of heal wounds {unknown}
 h - 2 potions of lignification {unknown}
 l - 3 potions of curing {unknown}
 m - a potion of berserk rage {unknown}
 t - a potion of brilliance {unknown}
 v - a potion of resistance {unknown}
 w - a potion of invisibility {unknown}


   Skills:
 + Level 1.2 Fighting
 - Level 1.0 Armour
 - Level 4.0 Dodging
 - Level 4.0 Stealth
 * Level 7.9 Spellcasting
 + Level 3.9 Conjurations
 - Level 1.1 Summonings
 - Level 1.1 Translocations
 - Level 1.0 Air Magic
 + Level 1.5 Earth Magic
 - Level 1.0 Poison Magic


You had 8 spell levels left.
You knew the following spells:

 Your Spells              Type           Power      Damage    Failure   Level
a - Magic Dart            Conj           96%        1d7       2%          1
b - Mephitic Cloud        Conj/Pois/Air  16%        N/A       16%         3
c - Call Imp              Summ           24%        N/A       12%         2
d - Blink                 Tloc           24%        N/A       12%         2
e - Lee's Rapid Deconstr  Erth           7%         3d6*      87%         5

Your spell library contained the following spells:

 Spells                   Type           Power      Damage    Failure   Level
 Slow                     Hex            32%        N/A       12%         1
 Cigotuvi's Dreadful Rot  Necr/Pois/Air  22%        N/A       14%         2
 Dazzling Flash           Conj/Hex       32%        N/A       16%         3
 Volatile Blastmotes      Fire/Tloc      20%        2d11      28%         3
 Leda's Liquefaction      Hex/Erth       5%         N/A       65%         4
 Bombard                  Conj/Erth      9%         9d2       99%         6
 Starburst                Conj/Fire      8%         6d4       100%        6
 Maxwell's Capacitive Co  Air            6%         ∞         100%        8


Dungeon Overview and Level Annotations

Branches:
Dungeon (5/15)              Sewer (1/1)
 Temple: D:4-7

Altars:
Trog


Message History

Press: ? - help, Shift-Dir - straight line, f/p - wight
Aim: a wight, wielding a +3 falchion, wearing a +0 robe and quivering poisoned darts (severely damaged, 100% to hit)
The magic dart hits the wight but does no damage.
The wight is severely damaged.
You feel sick.
Casting: Magic Dart (safe; 2% risk of failure)
Confirm with . or Enter, or press ? or * to list all spells.
Aiming: Magic Dart (safe; 2% risk of failure)
Press: ? - help, Shift-Dir - straight line, f/p - wight
Aim: a wight, wielding a +3 falchion, wearing a +0 robe and quivering poisoned darts (severely damaged, 100% to hit)
The magic dart hits the wight.
The wight is almost destroyed.
You feel sick.
Casting: Magic Dart (safe; 2% risk of failure)
Confirm with . or Enter, or press ? or * to list all spells.
Aiming: Magic Dart (safe; 2% risk of failure)
Press: ? - help, Shift-Dir - straight line, f/p - wight
Aim: a wight, wielding a +3 falchion, wearing a +0 robe and quivering poisoned darts (almost destroyed, 100% to hit)
The magic dart hits the wight but does no damage.
The wight is almost destroyed.
You feel sick.
You are no longer poisoned.
The wight throws a poisoned dart.
The poisoned dart misses you.
Casting: Magic Dart (safe; 2% risk of failure)
Confirm with . or Enter, or press ? or * to list all spells.
Aiming: Magic Dart (safe; 2% risk of failure)
Press: ? - help, Shift-Dir - straight line, f/p - wight
Aim: a wight, wielding a +3 falchion, wearing a +0 robe and quivering poisoned darts (almost destroyed, 100% to hit)
The magic dart hits the wight but does no damage.
The wight is almost destroyed.
Your magical contamination has completely faded away.
The wight hits you with a +3 falchion!
* * * LOW HITPOINT WARNING * * *
You feel drained.
* * * LOW HITPOINT WARNING * * *
The wight hits you but does no damage.
Unknown command.
Your unstable footing causes you to fumble your attack.
The wight hits you with a +3 falchion!
You die...

#≈~.# ≈~≈≈≈≈≈ #~~.#≈≈≈≈≈≈≈≈
#≈~.#≈≈≈≈≈≈≈≈ #≈~.#≈≈≈≈≈≈≈≈
#~~.#≈≈≈≈≈≈≈≈ #≈~.#≈≈≈≈≈≈≈≈
################≈~.#########
#≈≈≈≈≈≈~~≈≈≈≈≈≈≈~≈.#≈~≈≈≈~≈
#...~≈~.≈~~@z~~~~~)~~~≈≈≈≈≈
#..................#≈≈≈≈≈≈≈
###.#######################
##...## #..††.# #..∩..#
#..∩..# ##...## #####


You could see a wight.

Vanquished Creatures
  Sigmund (D:2)
  A kobold brigand (Sewer)
  2 scorpions (D:4)
  2 hounds (D:4)
  An orc priest (D:3)
  An iguana (D:4)
  A gnoll (D:3)
  3 adders
  3 shadow imps (Sewer)
  4 dart slugs
  5 orcs
  7 bats
  9 endoplasms
  5 giant cockroaches
  9 goblins
  7 hobgoblins
  6 jackals (D:4)
  9 quokkas
  14 ball pythons
  A frilled lizard (D:3)
  23 kobolds
  9 rats
123 creatures vanquished.

Notes
Turn   | Place    | Note
-------+----------+-------------------------------------------
     0 | D:1      | pokeman the Deep Elf Hedge Wizard began the quest for the
                  | Orb.
     0 | D:1      | Reached XP level 1. HP: 10/10 MP: 7/7
   305 | D:1      | Reached XP level 2. HP: 15/15 MP: 4/9
   769 | D:1      | Reached skill level 5 in Spellcasting
  1006 | D:2      | Reached XP level 3. HP: 20/20 MP: 7/11
  1022 | D:2      | Learned a level 3 spell: Mephitic Cloud
  1025 | D:2      | Learned a level 2 spell: Call Imp
  1028 | D:2      | Learned a level 2 spell: Blink
  1309 | D:2      | Reached skill level 1 in Armour
  1417 | D:2      | Reached skill level 1 in Fighting
  1866 | D:2      | Noticed Sigmund
  1880 | D:2      | Killed Sigmund
  1881 | D:2      | Reached skill level 6 in Spellcasting
  1881 | D:2      | Reached XP level 4. HP: 25/25 MP: 8/14
  1881 | D:2      | Reached XP level 5. HP: 29/29 MP: 8/15
  2630 | D:3      | Found a bloodstained altar of Trog.
  2720 | D:3      | Reached XP level 6. HP: 34/34 MP: 10/17
  3273 | D:4      | Reached skill level 7 in Spellcasting
  3476 | D:4      | Learned a level 5 spell: Lee's Rapid Deconstruction
  4153 | D:4      | Reached XP level 7. HP: 38/38 MP: 16/19
  4211 | D:4      | Reached skill level 1 in Air Magic
  4211 | D:4      | Reached skill level 1 in Earth Magic
  4211 | D:4      | Reached skill level 1 in Poison Magic
  4433 | D:5      | Entered Level 5 of the Dungeon
  4436 | D:5      | Found a glowing drain.
  4456 | Sewer    | Entered a sewer
  4704 | Sewer    | Found an ancient bone altar of Kikubaaqudgha.
  4778 | Sewer    | Slain by a wight

Illustrated notes

Levels and vault maps discovered:
D:1:      erik_arrival_blinker_ship, layout_rooms
D:2:      layout_loops_ring, roderic_serpentine_path, minmay_rat_gold_closets,
          uniq_sigmund
D:3:      minmay_spotlight, layout_basic, mainiacjoe_overflow_small_starburst,
          dreamdust_wishing_well
D:4:      minmay_recursive_quarters, layout_basic
D:5:      minmay_chambers_of_threes, layout_rooms, mainiacjoe_overflow_brackets,
          vehumet_statue, portal_sewer_entry_a, corexii_checkpoint_a,
          uniq_grinder, uniq_blork_the_orc, uniq_menkaure
Sewer:    kennysheep_sewer_church

Skill      XL: |  1  2  3  4  5  6  7 |
---------------+----------------------+-----
Spellcasting   | 5 6 7 |  7.9
Armour         | 1 |  1.0
Fighting       | 1 |  1.2
Dodging        | 3 4 |  4.0
Stealth        | 3 4 |  4.0
Conjurations   | 2 3 |  3.9
Air Magic      | 1 |  1.0
Earth Magic    | 1 |  1.5
Poison Magic   | 1 |  1.0
Summonings     | |  1.1
Translocations | |  1.1

Action                     |  1- 3 |  4- 6 |  7- 9 || total
---------------------------+-------+-------+-------++-------
  Melee: Dagger            |     7 |     8 |     1 ||    16
         Whip              |       |       |     8 ||     8
   Cast: Magic Dart        |   104 |   132 |    65 ||   301
         Mephitic Cloud    |     1 |     5 |     1 ||     7
         Call Imp          |     1 |       |       ||     1
   Stab: Confused          |     1 |     3 |     2 ||     6
         Sleeping          |       |       |     1 ||     1
 Armour: Robe              |     7 |     7 |     2 ||    16
         Leather armour    |       |       |    12 ||    12
  Dodge: Dodged            |     7 |    14 |    15 ||    36

Table legend: (Time is in decaauts)
 A = Elapsed time spent in this place.
 B = Non-inter-level travel time spent in this place.
 C = Inter-level travel time spent in this place.
 D = Time resting spent in this place.
 E = Time spent auto-exploring this place.
 F = Levels seen in this place.
 G = Mean time per level.
                   A        B        C        D        E       F      G
               +--------+--------+--------+--------+--------+-----+--------+
         Total |   4781 |   4674 |    107 |     46 |   3975 |   6 |  796.8 |
       Dungeon |   4456 |   4349 |    107 |     43 |   3779 |   5 |  891.2 |
         Sewer |    325 |    325 |      0 |      3 |    196 |   1 |  325.0 |
               +--------+--------+--------+--------+--------+-----+--------+

Top non-repeatable levels by time:
     D:2: 1460 daAuts
     D:4: 1250 daAuts
     D:1: 988 daAuts
     D:3: 731 daAuts
   Sewer: 325 daAuts
     D:5: 25 daAuts
